 Dungeon Crawl Stone Soup version 0.31-a0-960-g0fca184906 (webtiles) character file.

Game seed: 3761624955044282567

14359 jasper the Grappler (level 11, -7/117 HPs)
             Began as a Troll Fighter on Oct 23, 2023.
             Was a Believer of Ashenzari.
             Mangled by an orc warrior
             ... wielding a +0 battleaxe
             ... led by an orc warlord
              (17 damage)
             ... on level 1 of the Orcish Mines.
             The game lasted 00:20:39 (8542 turns).

jasper the Grappler (Troll Fighter)                 Turns: 8542, Time: 00:20:39

Health: -7/117     AC:  9    Str: 26    XL:     11   Next: 87%
Magic:  10/10      EV:  9    Int:  4    God:    Ashenzari [**....]
Gold:   562        SH: 11    Dex: 13    Spells: 7/10 levels left

rFire   . .          .
                       - Unarmed
rCold   . . .        b - +0 kite shield "All-seeing Shame" {Fort, Alch} (curse)
rNeg    + . .        k - +0 acid dragon scales
rPois   .            (helmet restricted)
rElec   .            A - +0 cloak of Supernal Gnosis {Melee, Range} (curse)
rCorr   +            (gloves unavailable)
SInv    +            (boots unavailable)
Will    .....        D - amulet of the acrobat
Stlth   +            C - ring of the Ensconced Dogma {rN+, Self, Cun} (curse)
HPRegen 1.19/turn    a - ring of resist corrosion
MPRegen 0.12/turn

%: acrobat
@: studying Long Blades
A: large, unfitting armour, claws 3, regeneration 1, shaggy fur 1, tough skin 1
a: Renounce Religion, Curse Item, Shatter the Chains


You were on level 1 of the Orcish Mines.
You worshipped Ashenzari.
Ashenzari was pleased with you.
You visited 2 branches of the dungeon, and saw 11 of its levels.
You also visited: Ossuary.

You collected 562 gold pieces.

Inventory:

Hand Weapons
 o - a +0 giant club
 u - a +7 scimitar of freezing
Missiles
 e - 156 stones
 l - 13 boomerangs (quivered)
 G - 2 javelins
Armour
 b - the cursed +0 kite shield "All-seeing Shame" (worn) {Fort, Alch}

   It has a curse which improves the following skills: Fortitude: Armour and
   Shields.
   Alchemy:   Poison Magic and Transmutations.
 k - +0 acid dragon scales (worn)
 A - the cursed +0 cloak of Supernal Gnosis (worn) {Melee, Range}
   (You took it off Crazy Yiuf on level 6 of the Dungeon)

   It has a curse which improves the following skills: Melee Combat: Short
   Blades, Long Blades, Axes, Maces & Flails, Polearms, Staves and Unarmed
   Combat.
   Ranged Combat: Ranged Weapons and Throwing.
 E - a +0 troll leather armour
Jewellery
 a - a ring of resist corrosion (right claw)
 C - the cursed ring of the Ensconced Dogma (left claw) {rN+, Self, Cun}
   (You found it on level 7 of the Dungeon)

   [ring of positive energy]

   rN+:       It protects you from negative energy.
   It has a curse which improves the following skills: Introspection: Fighting
   and Spellcasting.
   Cunning:   Dodging and Stealth.
 D - an amulet of the acrobat (around neck)
Talismans
 f - a talisman of death
Wands
 F - a wand of flame (4)
Scrolls
 c - 7 scrolls of teleportation
 d - 3 scrolls of enchant weapon
 h - 2 scrolls of immolation
 j - 4 scrolls of enchant armour
 n - 2 scrolls of poison
 q - a scroll of silence
 s - 3 scrolls of vulnerability
 t - 2 scrolls of revelation
 y - 2 scrolls of amnesia
 B - a scroll of fog
Potions
 g - 10 potions of curing
 i - 2 potions of mutation
 m - a potion of ambrosia
 p - 2 potions of brilliance
 r - 2 potions of magic
 v - 2 potions of heal wounds
 x - 3 potions of haste
 z - 2 potions of attraction


   Skills:
 + Level 8.6(9.8) Fighting
 + Level 4.6(5.7) Throwing
 - Level 2.4(3.3) Dodging
 - Level 8.0(9.2) Shields
 * Level 13.8(14.9) Unarmed Combat


You had 7 spell levels left.
You knew the following spells:

 Your Spells              Type           Power      Damage    Failure   Level
a - Swiftness             Air            0%         N/A       98%         3

Your spell library contained the following spells:

 Spells                   Type           Power      Damage    Failure   Level
 Freeze                   Ice            0%         1d3       77%         1
 Shock                    Conj/Air       0%         1d3       77%         1
 Poisonous Vapours        Pois/Air       0%         N/A       87%         2
 Call Canine Familiar     Summ           0%         N/A       98%         3
 Frozen Ramparts          Ice            0%         1d1       98%         3
 Hailstorm                Conj/Ice       0%         3d3       98%         3
 Inner Flame              Hex/Fire       0%         N/A       98%         3
 Mephitic Cloud           Conj/Pois/Air  0%         N/A       98%         3
 Sigil of Binding         Hex            0%         N/A       98%         3
 Airstrike                Air            0%         2d(0-16)  100%        4
 Animate Dead             Necr           0%         N/A       100%        4
 Dimensional Bullseye     Hex/Tloc       0%         N/A       100%        4
 Flame Wave               Conj/Fire      0%         2d4       100%        4
 Leda's Liquefaction      Hex/Erth       0%         N/A       100%        4
 Sticky Flame             Conj/Fire      0%         2d3       100%        4
 Summon Ice Beast         Ice/Summ       0%         N/A       100%        4
 Freezing Cloud           Conj/Ice/Air   0%         6-21      100%        5
 Simulacrum               Ice/Necr       0%         N/A       100%        6
 Haunt                    Necr/Summ      0%         N/A       100%        7
 Infestation              Necr           0%         N/A       100%        8


Dungeon Overview and Level Annotations

Branches:
Dungeon (10/15)            Temple (0/1) D:5             Orc (1/2) D:9
Ossuary (visited)
   Lair: D:8-11

Altars:
Ashenzari
Dithmenos
Nemelex Xobeh
Okawaru
Qazlal
Ru
Uskayaw
Yredelemnul

Shops:
D:4 :   D:7 [(((


Innate Abilities, Weirdness & Mutations

You are too large for most types of armour.
You have claws for hands.
Your natural rate of healing is unusually fast.
You are covered in fur. (AC +1)
You have tough skin. (AC +1)


Message History

An orc comes into view. It is wielding a +0 club.
The orc knight is engulfed in poison gas.
The orc knight looks even sicker.
Flame seeps out of the orc knight.
You regained 2 hp, and now have 35/117 hp.
Throw: 13 boomerangs
Press: ? - help, Q - select action, (/) - cycle Shift-Dir - straight line, f - ogre
Aim: an ogre, wielding a +0 giant club (inner flame, 76% to hit)
You throw a boomerang. The orc shouts!
The boomerang hits the ogre.
Flame seeps out of the ogre.
The ogre is lightly wounded.
An orc wizard comes into view. It is wielding a +0 dagger.
The orc warrior hits you with a +0 battleaxe!!
* * * LOW HITPOINT WARNING * * *
The ogre is engulfed in blazing flames.
Flame seeps out of the ogre.
The orc knight is engulfed in poison gas.
The orc knight looks even sicker.
Flame seeps out of the orc knight.
The orc knight roars a battlecry!
The orc goes into a battle-frenzy!
You hear a shout!
You take 19 damage, and have 16/117 hp.
Throw: 13 boomerangs
Press: ? - help, Q - select action, (/) - cycle Shift-Dir - straight line, f/p - ogre
Aim: an ogre, wielding a +0 giant club (poison gas, severely wounded, inner flame, 76% to hit)
You throw a boomerang. The boomerang hits the ogre.
Flame seeps out of the ogre.
The ogre is almost dead.
Flame seeps out of the orc knight.
The orc warrior hits you with a +0 battleaxe!
* * * LOW HITPOINT WARNING * * *
The ogre is engulfed in poison gas.
The ogre is poisoned.
Flame seeps out of the ogre.
The orc knight is engulfed in poison gas.
The orc knight looks as sick as possible!
Flame seeps out of the orc knight.
An orc comes into view. It is wielding a +0 dagger.
The ogre is engulfed in blazing flames.
The ogre explodes!
The orc warrior hits you with a +0 battleaxe!
You die...

#....o.........#..#
#...oo○o..○.o.#...#.##
#.○°○○o#O.#)#.$.#...#
##$.○§§§°o)°#.)....#
#.°o.§§§○○...<.....#
#○$$o.§§○>.○.....$##
##°..°§.°..○.......#
#○°#.○..).)##........##
.....°°@°...#..........
......).o.°.....##......
○°...○##.○....°## ###.##
##°.°. ###...°## ## ##..
..○.## ##. ....# ° ...#
○. ##


You could see an orc knight (inner flame, extremely poisoned), 3 orc warriors,
an ogre (inner flame), an orc wizard (strong) and 3 orcs.

Vanquished Creatures
  An orc warlord (Orc:1)
  A two-headed ogre (D:10)
  An orc knight (Orc:1)
  3 orc sorcerers (Orc:1)
  2 manticores (D:7)
  4 elephants (D:9)
  The ghost of miscthings the Changeling, a novice OpSh (D:4)
  3 polar bears (D:7)
  2 trolls (D:9)
  Grinder (D:3)
  3 dream sheep (D:7)
  3 yaks
  A shadow (D:9)
  2 wraiths (Ossuary)
  A human (D:3)
  A hog (D:7)
  A steam dragon (D:7)
  An acid dragon (D:10)
  A warg (Orc:1)
  2 ice beasts (D:7)
  4 black bears
  2 wolves (D:7)
  9 orc warriors
  5 sky beasts
  5 ogres
  7 centaurs
  2 phantoms (D:5)
  A kobold brigand (D:7)
  A scorpion (D:7)
  4 bullfrogs
  A gnoll sergeant (D:8)
  18 wights
  A howler monkey (D:9)
  Crazy Yiuf (D:6)
  5 hounds
  4 jellies
  10 orc priests
  2 iguanas
  8 orc wizards
  14 gnolls
  7 adders
  2 shadow imps
  8 ufetubi
  4 worms
  6 dart slugs
  63 orcs
  5 ball pythons
  9 endoplasms
  7 giant cockroaches
  5 goblins
  10 hobgoblins
  5 jackals (D:4)
  4 quokkas
  5 bats
  5 frilled lizards
  A hobgoblin skeleton (Ossuary)
  4 hobgoblin zombies (Ossuary)
  11 kobolds
  2 kobold zombies
  An orc zombie (Ossuary)
  2 rats (D:2)
  A rat zombie (D:6)
306 creatures vanquished.

Vanquished Creatures (others)
  A bullfrog (D:7)
1 creature vanquished.

Grand Total: 307 creatures vanquished

Notes
Turn   | Place    | Note
-------+----------+-------------------------------------------
     0 | D:1      | jasper the Troll Fighter began the quest for the Orb.
     0 | D:1      | Reached XP level 1. HP: 22/22 MP: 0/0
   262 | D:1      | Reached XP level 2. HP: 29/29 MP: 1/1
   299 | D:1      | Found a faded altar of an unknown god.
   309 | D:1      | Prayed at the altar of an unknown god.
   309 | D:1      | Became a worshipper of Ashenzari the Shackled
   848 | D:2      | Reached XP level 3. HP: 36/36 MP: 2/2
   860 | D:2      | Found a hide-covered altar of Uskayaw.
   904 | D:2      | Reached skill level 3 in Unarmed Combat
  1087 | D:2      | Reached XP level 4. HP: 44/44 MP: 3/3
  1091 | D:2      | Learned a level 3 spell: Swiftness
  1778 | D:3      | Noticed a human
  1779 | D:3      | Found a runed translucent door.
  1783 | D:3      | Found a basalt altar of Yredelemnul.
  1814 | D:3      | Killed a human
  1815 | D:3      | Reached skill level 4 in Unarmed Combat
  1815 | D:3      | Reached XP level 5. HP: 45/53 MP: 4/4
  1815 | D:3      | Reached XP level 6. HP: 52/61 MP: 5/5
  1852 | D:3      | Noticed Grinder
  1867 | D:3      | Paralysed by Grinder for 2 turns
  1880 | D:3      | Killed Grinder
  1881 | D:3      | Reached skill level 5 in Unarmed Combat
  2260 | D:3      | Found a sacrificial altar of Ru.
  2540 | D:4      | Reached XP level 7. HP: 46/68 MP: 6/6
  2560 | D:4      | Reached * piety under Ashenzari
  2912 | D:4      | Noticed miscthings's ghost (novice OpSh)
  2913 | D:4      | Found a runed translucent door.
  2923 | D:4      | Found Cudemi's Book Shop.
  2962 | D:4      | Killed miscthings's ghost
  2963 | D:4      | Reached skill level 6 in Unarmed Combat
  3351 | D:4      | Found a sparkling altar of Nemelex Xobeh.
  3587 | D:5      | Entered Level 5 of the Dungeon
  3747 | D:5      | Found a staircase to the Ecumenical Temple.
  3752 | D:5      | Reached skill level 5 in Shields
  3752 | D:5      | Reached skill level 7 in Unarmed Combat
  3752 | D:5      | Reached XP level 8. HP: 79/79 MP: 7/7
  3973 | D:5      | Reached skill level 5 in Fighting
  4369 | D:6      | Reached skill level 8 in Unarmed Combat
  4451 | D:6      | Found a sand-covered staircase.
  4464 | Ossuary  | Entered an ossuary
  4603 | Ossuary  | Noticed a flying skull
  4619 | Ossuary  | Noticed a flying skull
  4639 | Ossuary  | Reached XP level 9. HP: 88/88 MP: 8/8
  4804 | D:6      | Reached skill level 9 in Unarmed Combat
  5093 | D:6      | Found a runed translucent door.
  5094 | D:6      | Noticed Crazy Yiuf
  5155 | D:6      | Identified the +1 pair of boots "Giorubb" {Str+4}
  5498 | D:6      | Killed Crazy Yiuf
  5566 | D:7      | Found Zuyskorch's Antique Armour Boutique.
  5583 | D:7      | Found Lighov's Weapon Shoppe.
  5674 | D:7      | Found Vukofy's Weapon Emporium.
  5853 | D:7      | Found a hide-covered altar of Uskayaw.
  5856 | D:7      | Reached ** piety under Ashenzari
  5921 | D:7      | Reached skill level 10 in Unarmed Combat
  5992 | D:7      | Found Jycuh's Antique Weapon Shop.
  6030 | D:7      | Found a runed translucent gate.
  6031 | D:7      | Found a runed translucent gate.
  6031 | D:7      | Noticed a polar bear
  6037 | D:7      | Found a runed translucent gate.
  6037 | D:7      | Noticed a manticore
  6038 | D:7      | Noticed a manticore
  6039 | D:7      | Noticed a polar bear
  6039 | D:7      | Noticed a polar bear
  6059 | D:7      | Killed a polar bear
  6059 | D:7      | Killed a polar bear
  6059 | D:7      | Killed a manticore
  6059 | D:7      | Killed a manticore
  6060 | D:7      | Reached skill level 11 in Unarmed Combat
  6060 | D:7      | Reached XP level 10. HP: 61/102 MP: 9/9
  6358 | D:8      | Found a shadowy altar of Dithmenos.
  6663 | D:8      | Reached *** piety under Ashenzari
  6787 | D:8      | Found an iron altar of Okawaru.
  7104 | D:9      | Reached skill level 12 in Unarmed Combat
  7167 | D:9      | Reached skill level 1 in Throwing
  7259 | D:9      | Identified the +1 robe of the Forsaken Knives {Will- Str-2
                  | Int+5 Archmagi}
  7269 | D:9      | Noticed an elephant
  7277 | D:9      | Killed an elephant
  7277 | D:9      | Noticed an elephant
  7288 | D:9      | Reached XP level 11. HP: 114/115 MP: 10/10
  7440 | D:9      | Found a stormy altar of Qazlal.
  7778 | D:9      | Found a staircase to the Orcish Mines.
  8053 | D:10     | Entered Level 10 of the Dungeon
  8061 | D:10     | Noticed a two-headed ogre
  8070 | D:10     | Killed a two-headed ogre
  8125 | D:10     | Noticed an eight-headed hydra
  8162 | D:10     | Reached skill level 13 in Unarmed Combat
  8353 | Orc:1    | Entered Level 1 of the Orcish Mines
  8371 | Orc:1    | Noticed an orc sorcerer
  8413 | Orc:1    | Noticed an orc sorcerer
  8487 | Orc:1    | Killed an orc sorcerer
  8512 | Orc:1    | Noticed an orc knight
  8516 | Orc:1    | Noticed an orc warlord
  8519 | Orc:1    | Killed an orc knight
  8521 | Orc:1    | Noticed an orc sorcerer
  8521 | Orc:1    | Killed an orc sorcerer
  8528 | Orc:1    | Noticed a sun demon
  8533 | Orc:1    | Killed an orc sorcerer
  8538 | Orc:1    | Killed an orc warlord
  8538 | Orc:1    | Noticed an orc knight
  8542 | Orc:1    | Mangled by an orc warrior

Illustrated notes

Levels and vault maps discovered:
D:1:      dpeg_arrival_central, layout_basic,
          shapermc_ecumenical_altar_mp_ritualfount
D:2:      layout_loops_cross, basic_altar, minmay_increasing_density
D:3:      layout_loops_ring, lemuel_coloured_pillars_altar,
          dk_yredelemnul_ordeal, uniq_grinder
D:4:      layout_basic, nemelex_altar_shiori, hellmonk_ghost_happy_afterlife,
          serial_shops, shop, mrwooster_statue_mirror
D:5:      layout_basic, minmay_temple_entry_glass
D:6:      layout_basic, enter_ossuary_3, uniq_crazy_yiuf_cottage
D:7:      lemuel_bear_cage, layout_rooms, nicolae_uskayaw_dance_studio,
          serial_shops, nicolae_shop_behind_doors, nicolae_shop_hallway_plus,
          shop, shop_fountains
D:8:      layout_loops_ring, okawaru_altar_gauntlet_db, grunt_dithmenos_smoke
D:9:      wad_woods_stonehenge, layout_small_grid, david_orc_5
D:10:     gammafunk_corrupted_shrine, layout_basic,
          gammafunk_temple_overflow_pools, lair_entry_dummy
Orc:1:    layout_caves, serial_shops, nicolae_shop_tiny_glass

Skill      XL: |  1  2  3  4  5  6  7  8  9 10 11 |
---------------+----------------------------------+-----
Shields        | 3 4 5 6 7 8 |  8.0
Unarmed Combat | 3 4 5 7 8 11 12 13 | 13.8
Fighting       | 3 4 5 7 8 |  8.6
Throwing       | 1 4 |  4.6
Dodging        | |  2.4

Action                     |  1- 3 |  4- 6 |  7- 9 | 10-12 || total
---------------------------+-------+-------+-------+-------++-------
  Melee: Unarmed           |    69 |   123 |   306 |   302 ||   800
  Throw: Stone             |       |     2 |     1 |       ||     3
         Boomerang         |       |       |     6 |    10 ||    16
 Invoke: Curse Item        |     1 |       |     2 |     1 ||     4
         Shatter the Chain |       |       |       |     1 ||     1
  Evoke: Wand              |       |       |     8 |    13 ||    21
    Use: Scroll            |     7 |     4 |     1 |     4 ||    16
         Potion            |       |       |     3 |     2 ||     5
   Stab: Sleeping          |     1 |       |     1 |       ||     2
         Paralysed         |       |       |     1 |       ||     1
 Armour: Robe              |    30 |    51 |   219 |    60 ||   360
         Troll leather arm |       |       |       |    50 ||    50
         Acid dragon scale |       |       |       |    35 ||    35
  Dodge: Dodged            |    15 |    34 |   143 |    79 ||   271
  Block: Kite shield       |    18 |    43 |   170 |   136 ||   367

Table legend: (Time is in decaauts)
 A = Elapsed time spent in this place.
 B = Non-inter-level travel time spent in this place.
 C = Inter-level travel time spent in this place.
 D = Time resting spent in this place.
 E = Time spent auto-exploring this place.
 F = Levels seen in this place.
 G = Mean time per level.
                   A        B        C        D        E       F      G
               +--------+--------+--------+--------+--------+-----+--------+
         Total |   8485 |   8200 |    285 |    505 |   5582 |  12 |  707.1 |
       Dungeon |   8130 |   7845 |    285 |    490 |   5530 |  10 |  813.0 |
  Orcish Mines |     73 |     73 |      0 |      0 |      0 |   1 |   73.0 |
       Ossuary |    281 |    281 |      0 |     15 |     52 |   1 |  281.0 |
               +--------+--------+--------+--------+--------+-----+--------+

Top non-repeatable levels by time:
     D:4: 1104 daAuts
     D:9: 1089 daAuts
     D:2: 1010 daAuts
     D:6: 1005 daAuts
     D:8: 819 daAuts
     D:3: 796 daAuts
     D:7: 695 daAuts
     D:1: 682 daAuts
     D:5: 662 daAuts
 Ossuary: 281 daAuts
    D:10: 264 daAuts
   Orc:1: 73 daAuts
